 Dungeon Crawl Stone Soup version 0.16.1-11-g651b585 (webtiles) character file.

320 svendre the Shield-Bearer (level 6, -1/39 HPs)
             Began as a Gargoyle Fighter on Apr 7, 2015.
             Slain by an ogre
             ... wielding a +0 giant club
              (6 damage)
             ... on level 4 of the Dungeon.
             The game lasted 00:23:26 (3346 turns).

svendre the Shield-Bearer (Gargoyle Fighter)        Turns: 3346, Time: 00:23:26

Health: -1/39      AC: 17    Str: 21    XL:     6   Next: 46%
Magic:  6/6        EV:  4    Int:  8    God:
Gold:   157        SH:  9    Dex:  5    Spells: 0 memorised, 5 levels left

rFire  . . .     SeeInvis .     x - +0 spear (curse)
rCold  . . .     Clarity  .     m - +0 plate armour
rNeg   + . .     SustAb   .     c - +0 shield
rPois  ∞         Gourm    .     (no helmet)
rElec  +         Spirit   .     (no cloak)
rCorr  .         Warding  .     (no gloves)
rMut   .         Stasis   .     q - +0 pair of boots
MR     .....                    (no amulet)
Stlth  ..........               w - ring of poison resistance
                                t - -5 ring of dexterity (curse)

@: not resistant to hostile enchantments, extremely unstealthy
A: negative energy resistance 1, electricity resistance, unbreathing,
petrification resistance, rot immunity, AC +4
a: no special abilities


You were on level 4 of the Dungeon.
You were hungry.

You visited 1 branch of the dungeon, and saw 4 of its levels.

You collected 157 gold pieces.

Inventory:

Hand weapons
 a - a +0 flail
 b - a +1 hunting sling
 o - a +0 halberd
 x - a cursed +0 spear (weapon)
Missiles
 g - 150 stones (quivered)
 h - 15 bolts
 i - 67 sling bullets
 l - 9 silver bolts
 p - 12 steel bolts
 r - 16 poisoned needles
 u - 19 arrows
Armour
 c - a +0 shield (worn)
 m - a +0 plate armour (worn)
 q - a +0 pair of boots (worn)
 v - a +0 scale mail
Jewellery
 t - a cursed -5 ring of dexterity (left hand)
 w - a ring of poison resistance (right hand)
Magical devices
 B - a wand of invisibility (4)
Scrolls
 f - 3 scrolls of identify
 k - a scroll of random uselessness
 D - a scroll of teleportation
Potions
 e - a potion of heal wounds
 z - a potion of lignification {unknown}
 C - a potion of berserk rage {unknown}
Books
 s - a book of Air

   Spells                             Type                      Level
   a - Shock                          Conjuration/Air              1
   b - Swiftness                      Charms/Air                   2
   c - Repel Missiles                 Charms/Air                   2
   d - Flight                         Charms/Air                   3
   e - Static Discharge               Conjuration/Air              3
   f - Lightning Bolt                 Conjuration/Air              5
Comestibles
 d - 2 bread rations
 j - a meat ration
 A - a royal jelly


   Skills:
 + Level 4.6 Fighting
 + Level 3.8 Maces & Flails
 + Level 4.8 Armour
 + Level 4.8 Shields


You had 5 spell levels left.
You didn't know any spells.

Dungeon Overview and Level Annotations

Branches:
Dungeon (4/15)
 Temple: D:4-7

Altars:
Sif Muna


Innate Abilities, Weirdness & Mutations

You are resistant to torment.
You are immune to poison.
Your stone body is very resilient (AC +4).
You resist negative energy.
You are resistant to electric shocks.
You can survive without breathing.
You are immune to petrification.
You are immune to rotting.


Message History

The ogre is lightly wounded.
The ogre hits you with a giant club.
You completely miss the ogre.
The ogre is lightly wounded.
You block the ogre's attack.
You hit the ogre.
The ogre is moderately wounded.
The ogre hits you with a giant club!
Attack whom?
Press: ? - help, Dir - move target cursor, f/p - ogre
Aim: an ogre, wielding a giant club (moderately wounded)
You reach to attack!
You hit the ogre.
The ogre is moderately wounded.
You hit the ogre.
The ogre is heavily wounded.
The ogre hits you with a giant club!!
Ouch! That really hurt!
* * * LOW HITPOINT WARNING * * *
The ogre hits you with a giant club.
You die...

.# 8...8#.............. ..# .#
#...##.......####### ..# .#
#...##.......# ..# .#
##...##.......########..#8 .#
#8...8#.>................. .###
####...########.............
.#8###8##...##8###8#.............
..............................##8
..........⌠.....@O......####### #
........................#
##8###8##...##8###8#....# ###
####...########....# #8...8# #.#
....## ##...## #.###########
#...# #.#.........#####.
##...####.#............##.
#8...8#...#............###


You could see an ogre.

Vanquished Creatures
  A hound (D:4)
  A centaur skeleton (D:4)
  An iguana (D:4)
  Natasha (thrice) (D:3)
  A worker ant (D:4)
  4 gnolls (D:2)
  4 adders
  3 worms
  A giant mite (D:3)
  3 orcs (D:3)
  6 bats
  5 hobgoblins
  9 kobolds
  A quokka (D:2)
  2 ball pythons
  4 giant cockroaches
  3 giant geckos
  4 giant newts
  11 goblins
  6 jackals
  11 rats
84 creatures vanquished.

Notes
Turn   | Place    | Note
--------------------------------------------------------------
     0 | D:1      | svendre, the Gargoyle Fighter, began the quest for the Orb.
     0 | D:1      | Reached XP level 1. HP: 14/14 MP: 1/1
   175 | D:1      | Reached XP level 2. HP: 12/19 MP: 2/2
   696 | D:2      | Reached XP level 3. HP: 23/23 MP: 3/3
  1373 | D:2      | Reached XP level 4. HP: 16/29 MP: 4/4
  1380 | D:2      | Reached skill level 4 in Fighting
  1857 | D:2      | Found a deep blue altar of Sif Muna.
  1884 | D:3      | Noticed Natasha
  2129 | D:3      | Killed Natasha
  2129 | D:3      | Reached XP level 5. HP: 31/33 MP: 5/5
  2323 | D:3      | Noticed Natasha
  2348 | D:3      | Killed Natasha
  2515 | D:3      | Noticed Natasha
  2526 | D:3      | Killed Natasha
  2786 | D:4      | Reached XP level 6. HP: 39/39 MP: 6/6
  2806 | D:4      | Noticed an ogre
  3346 | D:4      | Slain by an ogre

Action                   |  1- 3 |  4- 6 || total
-------------------------+-------+-------++-------
Melee: Flail             |   107 |   110 ||   217
       Hunting sling     |     4 |       ||     4
       Spear             |       |    69 ||    69
 Fire: Hunting sling     |    83 |    83 ||   166
Throw: Stone             |     1 |       ||     1
  Use: Scroll            |     2 |     7 ||     9
       Potion            |       |     7 ||     7
  Eat: Chunk             |     1 |     7 ||     8
